EL
MONTGOMERY BISCUITS @ ERIE SEAWOLVES
08/26/2048
 
TOP OF THE 1ST
Montgomery Biscuits batting - Pitching for Erie SeaWolves : RHP Adam Huemmer
Pitching: RHP Adam Huemmer
Batting: RHB Chris Thorson 0-0: Ball
1-0: Ball
2-0: Called Strike
2-1: Ground out 6-3 (Groundball, 6D, EV 105.6 MPH)
Batting: RHB Roberto Aispuro 0-0: Called Strike
0-1: Foul Ball, location: 2F
0-2: Ball
1-2: Strikes out swinging
Batting: LHB Darryl Gonnella 0-0: Called Strike
0-1: Called Strike
0-2: Ball
1-2: SINGLE (Groundball, 4MD, EV 94.4 MPH) (infield hit)
Batting: LHB Eric Toney 0-0: Foul Ball, location: 2F
0-1: Ball
1-1: Ball
2-1: Called Strike
2-2: Ball
3-2: Foul Ball, location: 2F
3-2: Base on Balls
Darryl Gonnella to second
Batting: RHB James Huddleston 0-0: Ball
1-0: Ball
2-0: Ball
3-0: Called Strike
3-1: SINGLE (Flyball, 7, EV 81.9 MPH)
Darryl Gonnella to third
Eric Toney to second
Runner from 3rd tries for Home, SAFE, throw by LF to home
Batting: RHB Nelle Lommen 0-0: Ball
1-0: Fly out, F4 (Line Drive, 4, EV 68.1 MPH)
Top of the 1st over - 1 run, 2 hits, 0 errors, 2 left on base; Montgomery 1 - Erie 0
BOTTOM OF THE 1ST
Erie SeaWolves batting - Pitching for Montgomery Biscuits : RHP David Breaux
Pitching: RHP David Breaux
Batting: RHB Eric Angelle 0-0: Ball
1-0: Called Strike
1-1: Ground out 4-3 (Groundball, 4, EV 101.9 MPH)
Batting: RHB Tony Soto 0-0: Ball
1-0: Called Strike
1-1: Swinging Strike
1-2: Ball
2-2: Ball
3-2: Foul Ball, location: 2F
3-2: Strikes out swinging
Batting: LHB Dave Carlisle 0-0: Swinging Strike
0-1: Ball
1-1: Ball
2-1: Ball
3-1: Swinging Strike
3-2: Strikes out swinging
Bottom of the 1st over - 0 runs, 0 hits, 0 errors, 0 left on base; Montgomery 1 - Erie 0
TOP OF THE 2ND
Montgomery Biscuits batting - Pitching for Erie SeaWolves : RHP Adam Huemmer
Batting: RHB John Downing 0-0: Ball
1-0: Fly out, F8 (Flyball, 78D, EV 75.6 MPH)
Batting: RHB Khalil Walker 0-0: Ground out 6-3 (Groundball, 6, EV 101.9 MPH)
Batting: SHB Julio Hernandez 0-0: Ball
1-0: Ball
2-0: Ball
3-0: Base on Balls
Batting: RHB Chris Thorson 0-0: Ball
Julio Hernandez steals 2nd base (no throw)
1-0: Ground out 4-3 (Groundball, 4, EV 108.8 MPH)
Top of the 2nd over - 0 runs, 0 hits, 0 errors, 1 left on base; Montgomery 1 - Erie 0
BOTTOM OF THE 2ND
Erie SeaWolves batting - Pitching for Montgomery Biscuits : RHP David Breaux
Batting: RHB John Evancho 0-0: Called Strike
0-1: Ground out 6-3 (Groundball, 6, EV 105.0 MPH)
Batting: RHB Benny O'Connor 0-0: Called Strike
0-1: Called Strike
0-2: Ground out 4-3 (Groundball, 34, EV 78.8 MPH)
Batting: RHB Carlos Armenteros 0-0: Foul Ball, location: 2F
0-1: Swinging Strike
0-2: Strikes out swinging
Bottom of the 2nd over - 0 runs, 0 hits, 0 errors, 0 left on base; Montgomery 1 - Erie 0
TOP OF THE 3RD
Montgomery Biscuits batting - Pitching for Erie SeaWolves : RHP Adam Huemmer
Batting: RHB Roberto Aispuro 0-0: Ball
1-0: Ball
2-0: Called Strike
2-1: Ball
3-1: Foul Ball, location: 2F
3-2: Base on Balls
Batting: LHB Darryl Gonnella 0-0: Foul Ball, location: 2F
0-1: SINGLE (Line Drive, 8LS, EV 109.4 MPH)
Roberto Aispuro to second
Batting: LHB Eric Toney 0-0: Ball
1-0: Ball
Wild Pitch!
Roberto Aispuro to third
Darryl Gonnella to second
2-0: Called Strike
2-1: Ball
3-1: Foul Ball, location: 2F
3-2: SINGLE (Flyball, 78S, EV 95.6 MPH)
Roberto Aispuro scores
Darryl Gonnella to third
Runner from 3rd tries for Home, SAFE, throw by LF to home
Batting: RHB James Huddleston 0-0: Foul Ball, location: 2F
0-1: Foul Ball, location: 2F
0-2: Strikes out swinging
Batting: RHB Nelle Lommen 0-0: Called Strike
0-1: Foul Ball, location: 2F
0-2: Strikes out swinging
Batting: RHB John Downing 0-0: Foul Ball, location: 2F
0-1: Ball
1-1: Ball
2-1: Foul Ball, location: 2F
2-2: Ball
3-2: SINGLE (Groundball, 6M, EV 105.6 MPH) (infield hit)
Eric Toney to second
Batting: RHB Khalil Walker 0-0: Foul Ball, location: 2F
0-1: Ball
1-1: Swinging Strike
1-2: Ball
2-2: Foul Ball, location: 2F
2-2: Foul Ball, location: 2F
2-2: Ball
3-2: Foul Ball, location: 2F
3-2: Strikes out swinging
Top of the 3rd over - 2 runs, 3 hits, 0 errors, 2 left on base; Montgomery 3 - Erie 0
BOTTOM OF THE 3RD
Erie SeaWolves batting - Pitching for Montgomery Biscuits : RHP David Breaux
Batting: RHB Jose Evangelista 0-0: Called Strike
0-1: Called Strike
0-2: Ball
1-2: Ground out 6-3 (Groundball, P, EV 90.6 MPH)
Batting: RHB Willie Ochoa 0-0: Called Strike
0-1: Ball
1-1: Swinging Strike
1-2: Ball
2-2: Ball
3-2: Strikes out swinging
Batting: RHB Mike Sebastian 0-0: Ball
1-0: Ground out 6-3 (Groundball, 56, EV 82.5 MPH)
Bottom of the 3rd over - 0 runs, 0 hits, 0 errors, 0 left on base; Montgomery 3 - Erie 0
TOP OF THE 4TH
Montgomery Biscuits batting - Pitching for Erie SeaWolves : RHP Adam Huemmer
Batting: SHB Julio Hernandez 0-0: Ball
1-0: Ball
2-0: Foul Ball, location: 2F
2-1: Ball
3-1: Foul Ball, location: 2F
3-2: Strikes out swinging
Batting: RHB Chris Thorson 0-0: Foul Ball, location: 2F
0-1: Ball
1-1: Ball
2-1: Ball
3-1: Foul Ball, location: 2F
3-2: SINGLE (Groundball, 23, EV 72.5 MPH) (infield hit)
Batting: RHB Roberto Aispuro 0-0: Ball
1-0: Called Strike
1-1: Single, Error in OF, E8, batter to second base (Groundball, 6M, EV 101.9 MPH)
Chris Thorson to third
Batting: LHB Darryl Gonnella 0-0: Ball
1-0: Ball
2-0: Ground out 4-3 (Groundball, 4, EV 83.8 MPH)
Chris Thorson scores
Roberto Aispuro to third
Batting: LHB Eric Toney 0-0: Called Strike
0-1: SINGLE (Groundball, 3D, EV 97.5 MPH)
Roberto Aispuro scores
Batting: RHB James Huddleston 0-0: Called Strike
0-1: Foul Ball, location: 2F
0-2: Strikes out swinging
Top of the 4th over - 2 runs, 3 hits, 1 error, 1 left on base; Montgomery 5 - Erie 0
BOTTOM OF THE 4TH
Erie SeaWolves batting - Pitching for Montgomery Biscuits : RHP David Breaux
Batting: RHB Eric Angelle 0-0: Called Strike
0-1: Foul Ball, location: 2F
0-2: Ball
1-2: SOLO HOME RUN (Flyball, 78XD, EV 106.9 MPH), Distance : 423 ft
Batting: RHB Tony Soto 0-0: Called Strike
0-1: Ball
1-1: Ball
2-1: Foul Ball, location: 2F
2-2: Fly out, F8 (Flyball, 8LS, EV 89.4 MPH)
Batting: LHB Dave Carlisle 0-0: Ball
1-0: Ball
2-0: Foul Ball, location: 2F
2-1: Ball
3-1: Swinging Strike
3-2: Fly out, F9 (Flyball, 9LD, EV 103.8 MPH)
Batting: RHB John Evancho 0-0: Ball
1-0: Ball
2-0: Ground out 1-3 (Groundball, 34S, EV 68.8 MPH)
Bottom of the 4th over - 1 run, 1 hit, 0 errors, 0 left on base; Montgomery 5 - Erie 1
TOP OF THE 5TH
Montgomery Biscuits batting - Pitching for Erie SeaWolves : RHP Adam Huemmer
Batting: RHB Nelle Lommen 0-0: Called Strike
0-1: Foul Ball, location: 2F
0-2: Ball
1-2: Foul Ball, location: 2F
1-2: Ball
2-2: Ball
3-2: Foul Ball, location: 2F
3-2: Foul Ball, location: 2F
3-2: Foul Ball, location: 2F
3-2: Foul Ball, location: 2F
3-2: DOUBLE (Line Drive, 89D, EV 105.0 MPH)
Batting: RHB John Downing 0-0: Ground out 5-3 (Groundball, 56S, EV 87.5 MPH)
Batting: RHB Khalil Walker 0-0: Ball
1-0: Ball
2-0: Ball
3-0: Called Strike
3-1: SINGLE (Line Drive, 7S, EV 109.4 MPH)
Nelle Lommen to third
Runner from 3rd tries for Home, SAFE, throw by LF to home
Pitching: RHP Andy Thoennes
Batting: SHB Julio Hernandez 0-0: Called Strike
Khalil Walker steals 2nd base (no throw)
0-1: Ball
1-1: Ground out 4-3 (Groundball, 4, EV 104.4 MPH)
Khalil Walker to third
Batting: RHB Chris Thorson 0-0: Foul Ball, location: 2F
0-1: Foul Ball, location: 2F
0-2: SINGLE (Line Drive, 8RS, EV 98.8 MPH)
Khalil Walker scores
Batting: RHB Roberto Aispuro 0-0: DOUBLE (Flyball, 89D, EV 100.0 MPH)
Chris Thorson to third
Runner from 3rd tries for Home, SAFE, throw by CF to trailing runner, SAFE at third!
Batting: LHB Darryl Gonnella 0-0: Ball
1-0: Ball
2-0: Called Strike
2-1: Fly out, F8 (Flyball, 8RD, EV 99.4 MPH)
Top of the 5th over - 3 runs, 4 hits, 0 errors, 1 left on base; Montgomery 8 - Erie 1
BOTTOM OF THE 5TH
Erie SeaWolves batting - Pitching for Montgomery Biscuits : RHP David Breaux
Batting: RHB Benny O'Connor 0-0: Ball
1-0: Ground out 4-3 (Groundball, 4D, EV 108.8 MPH)
Batting: RHB Carlos Armenteros 0-0: Fly out, F9 (Line Drive, 9S, EV 90.0 MPH)
Batting: RHB Jose Evangelista 0-0: Ball
1-0: Ball
2-0: Ball
3-0: Called Strike
3-1: Foul Ball, location: 2F
3-2: Foul Ball, location: 2F
3-2: Fly out, F8 (Line Drive, 8LD, EV 90.6 MPH)
Bottom of the 5th over - 0 runs, 0 hits, 0 errors, 0 left on base; Montgomery 8 - Erie 1
TOP OF THE 6TH
Montgomery Biscuits batting - Pitching for Erie SeaWolves : RHP Andy Thoennes
Batting: LHB Eric Toney 0-0: Ball
1-0: Ball
2-0: Foul Ball, location: 2F
2-1: Fly out, F7 (Flyball, 7, EV 83.8 MPH)
Batting: RHB James Huddleston 0-0: Ball
1-0: Called Strike
1-1: Foul Ball, location: 2F
1-2: Foul Ball, location: 2F
1-2: Strikes out swinging
Batting: RHB Nelle Lommen 0-0: Swinging Strike
0-1: Foul Ball, location: 2F
0-2: Foul Ball, location: 2F
0-2: Ball
1-2: Ball
2-2: Fly out, F9 (Flyball, 9LD, EV 82.5 MPH)
Top of the 6th over - 0 runs, 0 hits, 0 errors, 0 left on base; Montgomery 8 - Erie 1
BOTTOM OF THE 6TH
Erie SeaWolves batting - Pitching for Montgomery Biscuits : RHP David Breaux
Batting: RHB Willie Ochoa 0-0: Ball
1-0: Ball
2-0: Called Strike
2-1: Swinging Strike
2-2: Ball
3-2: Foul Ball, location: 2F
3-2: Base on Balls
Batting: RHB Mike Sebastian 0-0: Swinging Strike
0-1: Foul Ball, location: 2F
0-2: SINGLE (Groundball, 4M, EV 101.9 MPH) (infield hit)
Willie Ochoa to second
Batting: RHB Eric Angelle 0-0: Grounds into double play, 4-6-3 (Groundball, 4M, EV 91.2 MPH)
Willie Ochoa to third
Batting: RHB Tony Soto 0-0: Ball
1-0: Ball
2-0: Called Strike
2-1: Swinging Strike
2-2: Foul Ball, location: 2F
2-2: Foul Ball, location: 2F
2-2: Strikes out swinging
Bottom of the 6th over - 0 runs, 1 hit, 0 errors, 1 left on base; Montgomery 8 - Erie 1
TOP OF THE 7TH
Montgomery Biscuits batting - Pitching for Erie SeaWolves : RHP Andy Thoennes
Batting: RHB John Downing 0-0: Fly out, F7 (Flyball, 78M, EV 88.1 MPH)
Pitching: RHP Juan Cornejo
Batting: RHB Khalil Walker 0-0: Ball
1-0: Called Strike
1-1: Ball
2-1: Swinging Strike
2-2: Strikes out looking
Batting: SHB Julio Hernandez 0-0: Ball
1-0: Ball
2-0: Ball
3-0: Called Strike
3-1: Foul Ball, location: 2F
3-2: Foul Ball, location: 2F
3-2: Strikes out swinging
Top of the 7th over - 0 runs, 0 hits, 0 errors, 0 left on base; Montgomery 8 - Erie 1
BOTTOM OF THE 7TH
Erie SeaWolves batting - Pitching for Montgomery Biscuits : RHP David Breaux
Batting: LHB Dave Carlisle 0-0: Ball
1-0: Ball
2-0: Ball
3-0: Called Strike
3-1: Foul Ball, location: 2F
3-2: Strikes out swinging
Batting: RHB John Evancho 0-0: Foul Ball, location: 2F
0-1: Swinging Strike
0-2: Strikes out looking
Batting: RHB Benny O'Connor 0-0: Swinging Strike
0-1: Ball
1-1: Ground out 5-3 (Groundball, 5, EV 81.9 MPH)
Bottom of the 7th over - 0 runs, 0 hits, 0 errors, 0 left on base; Montgomery 8 - Erie 1
TOP OF THE 8TH
Montgomery Biscuits batting - Pitching for Erie SeaWolves : RHP Juan Cornejo
Batting: RHB Chris Thorson 0-0: Foul Ball, location: 2F
0-1: Ball
1-1: Foul Ball, location: 2F
1-2: Ground out 5-3 (Groundball, 5, EV 89.4 MPH)
Batting: RHB Roberto Aispuro 0-0: Ball
1-0: Called Strike
1-1: Ground out 6-3 (Groundball, 6, EV 80.6 MPH)
Batting: LHB Darryl Gonnella 0-0: Ball
1-0: Foul Ball, location: 2F
1-1: Ground out 4-3 (Groundball, 4D, EV 105.0 MPH)
Top of the 8th over - 0 runs, 0 hits, 0 errors, 0 left on base; Montgomery 8 - Erie 1
BOTTOM OF THE 8TH
Erie SeaWolves batting - Pitching for Montgomery Biscuits : RHP David Breaux
Batting: RHB Carlos Armenteros 0-0: Ball
1-0: Ground out U3 (Groundball, 34, EV 87.5 MPH)
Batting: RHB Jose Evangelista 0-0: Ball
1-0: Ball
2-0: Ground out 6-3 (Groundball, 56, EV 87.5 MPH)
Batting: RHB Willie Ochoa 0-0: Ball
1-0: Ball
2-0: Foul Ball, location: 2F
2-1: Ground out 6-3 (Groundball, 6, EV 90.0 MPH)
Bottom of the 8th over - 0 runs, 0 hits, 0 errors, 0 left on base; Montgomery 8 - Erie 1
TOP OF THE 9TH
Montgomery Biscuits batting - Pitching for Erie SeaWolves : RHP Juan Cornejo
Batting: LHB Eric Toney 0-0: Ball
1-0: Called Strike
1-1: Ball
2-1: Ball
3-1: Base on Balls
Pitching: RHP Eddie Hodgson
Batting: RHB James Huddleston 0-0: Ball
1-0: Called Strike
1-1: Foul Ball, location: 2F
1-2: Ball
2-2: Foul Ball, location: 2F
2-2: Strikes out looking
Batting: RHB Nelle Lommen 0-0: Swinging Strike
0-1: Ball
1-1: Ball
2-1: Ball
3-1: Fly out, F8 (Flyball, 8LM, EV 76.9 MPH)
Batting: RHB John Downing 0-0: Ball
Wild Pitch!
Eric Toney to second
1-0: Ball
2-0: Fly out, F8 (Flyball, 8LXD, EV 105.0 MPH)
Top of the 9th over - 0 runs, 0 hits, 0 errors, 1 left on base; Montgomery 8 - Erie 1
BOTTOM OF THE 9TH
Erie SeaWolves batting - Pitching for Montgomery Biscuits : RHP David Breaux
Pitching: RHP David Espinosa
Batting: RHB Mike Sebastian 0-0: Fly out, F8 (Flyball, 78M, EV 88.1 MPH)
Batting: RHB Eric Angelle 0-0: Foul Ball, location: 2F
0-1: Ball
1-1: Called Strike
1-2: Strikes out swinging
Batting: RHB Tony Soto 0-0: Called Strike
0-1: Ball
1-1: Fly out, F6 (Line Drive, 6, EV 65.0 MPH)
Bottom of the 9th over - 0 runs, 0 hits, 0 errors, 0 left on base; Montgomery 8 - Erie 1
Tuesday, March 28th , 2023 - OOTP Baseball 23.10 Build 110